 Dungeon Crawl Stone Soup version 0.16-a0-3178-g2c88c44 (webtiles) character file.

113 Malachi the Vexing (level 4, -3/31 HPs)
             Began as a Mummy Enchanter on Dec 16, 2014.
             Slain by an adder (5 damage)
             ... on level 2 of the Dungeon.
             The game lasted 00:05:30 (3461 turns).

Malachi the Vexing (Mummy Enchanter)                Turns: 3461, Time: 00:05:30

Health: -3/31      AC:  3    Str: 11    XL:     4   Next: 65%
Magic:  0/8        EV: 12    Int: 15    God:
Gold:   97         SH:  0    Dex: 12    Spells: 2 memorised, 5 levels left

rFire  x . .     SeeInvis .     a - +1 dagger
rCold  + . .     Clarity  .     b - +1 robe
rNeg   + + +     SustAb   .     (no shield)
rPois  ∞         Gourm    .     (no helmet)
rElec  .         Spirit   .     (no cloak)
rCorr  .         Warding  .     (no gloves)
rMut   .         Stasis   .     (no boots)
MR     .....                    (no amulet)
Stlth  ++........               (no ring)
                                (no ring)

@: very slightly contaminated, not resistant to hostile enchantments, unstealthy
A: no food or potions, fire vulnerability, restore body, cold resistance 1,
negative energy resistance 3, poison resistance, torment resistance, unbreathing
a: no special abilities


You were on level 2 of the Dungeon.
You were not hungry.

You visited 1 branch of the dungeon, and saw 3 of its levels.

You collected 97 gold pieces.

Inventory:

Hand weapons
 a - a +1 dagger (weapon)
 j - a +0 blowgun
Armour
 b - a +1 robe (worn)
Jewellery
 l - an uncursed amulet of stasis {unknown}
Magical devices
 h - a wand of random effects (29)
Scrolls
 d - 2 scrolls of identify {unknown}
 e - 2 scrolls of remove curse {unknown}
 f - a scroll of recharging {unknown}
 g - 2 scrolls of noise {unknown}
 i - a scroll of enchant armour {unknown}
 m - a scroll of immolation {unknown}
Books
 c - a book of Maledictions

   Spells                             Type                      Level
   a - Corona                         Hexes                        1
   b - Sure Blade                     Hexes/Charms                 2
   c - Ensorcelled Hibernation        Hexes/Ice                    2
   d - Confuse                        Hexes                        3
   e - Dazzling Spray                 Conjuration/Hexes            3
   f - Enslavement                    Hexes                        4


   Skills:
 + Level 0.8 Fighting
 + Level 1.0 Short Blades
 + Level 2.4 Dodging
 + Level 2.7 Stealth
 + Level 2.7 Spellcasting
 + Level 3.4 Hexes
 + Level 0.1 Ice Magic


You had 5 spell levels left.
You knew the following spells:

 Your Spells              Type           Power        Failure   Level  Hunger
a - Corona                Hex            ##.....      6%          1    N/A
b - Ensorcelled Hibernat  Hex/Ice        #.....       14%         2    N/A

Dungeon Overview and Level Annotations

Branches:
Dungeon (3/15)

Altars:
Xom


Innate Abilities, Weirdness & Mutations

You do not eat or drink.
Your flesh is vulnerable to fire.
Your flesh is cold resistant.
You are immune to negative energy.
Your system is resistant to poisons.
You are immune to unholy pain and torment.
You can survive without breathing.


Message History

j - a +0 blowgun (weapon)
The adder stops glowing.
The adder closely misses you.
Firing (i - inventory): No suitable missiles.
Press: ? - help, Shift-Dir - straight line, f/p - adder
Aim: an adder (severely wounded)
Okay, then.
Firing (i - inventory): No suitable missiles.
Press: ? - help, Shift-Dir - straight line, f/p - adder
Aim: an adder (severely wounded)
Okay, then.
Wield which item (- for none, * to show all)? (? for menu, Esc to quit)
a - a +1 dagger (weapon)
Casting: Corona
Confirm with . or Enter, or press ? or * to list all spells.
Aiming: Ensorcelled Hibernation
Press: ? - help, Shift-Dir - straight line, f/p - adder
Aim: an adder (severely wounded)
You miscast Ensorcelled Hibernation.
Nothing appears to happen.
The adder bites you.
You die...

#...#.#......#
#..##.###....
#.. #.#.#....#
#..##.# #.###
#...#.#>##...#
#####.# #.#
#...#.#.###..#
#.# #.#
##.......# #..##
#.# #.#
.....!...# #...
..# #.###
####.##..# ##.##
### #....
#$##..####.#####
#..##
#.......(.@S...#
#..#
####.#######...#
#..# ...
#.............
..##.
$......##.## ..
.. ####. #.# ..
# #.# ... #.# .
#.# #.$


You could see an adder.

Vanquished Creatures
  5 adders (D:3)
  A worm (D:3)
  A giant gecko (D:2)
  3 orcs (D:3)
  2 ball pythons
  6 bats
  7 goblins
  7 hobgoblins
  8 jackals (D:3)
  7 kobolds
  2 giant cockroaches (D:3)
  2 giant newts
  A quokka (D:2)
  3 rats (D:1)
55 creatures vanquished.

Notes
Turn   | Place    | Note
--------------------------------------------------------------
     0 | D:1      | Malachi, the Mummy Enchanter, began the quest for the Orb.
     0 | D:1      | Reached XP level 1. HP: 13/13 MP: 3/3
   672 | D:1      | Reached skill level 3 in Hexes
   672 | D:1      | Reached XP level 2. HP: 16/19 MP: 2/4
  1423 | D:2      | Reached XP level 3. HP: 7/24 MP: 3/6
  1810 | D:3      | Learned a level 2 spell: Ensorcelled Hibernation
  1920 | D:3      | Found a shimmering altar of Xom.
  2532 | D:3      | Reached XP level 4. HP: 13/31 MP: 6/8
  2744 | D:3      | Reached skill level 1 in Short Blades
  3461 | D:2      | Slain by an adder

Action                   |  1- 3 |  4- 6 || total
-------------------------+-------+-------++-------
Melee: Dagger            |   152 |    50 ||   202
 Fire: Blowgun           |       |    14 ||    14
 Cast: Corona            |    39 |     7 ||    46
       Ensorcelled Hiber |       |    10 ||    10
 Stab: Sleeping          |     2 |     4 ||     6
